 Dungeon Crawl Stone Soup version 0.28-a0-957-g42eb19b844 (webtiles) character file.

Game seed: 17109633937770028427

693 croobank the Magician (level 7, -1/46 HPs)
             Began as an Octopode Monk on Nov 30, 2021.
             Was a High Priest of Ignis.
             Slain by a gnoll (6 damage)
             ... while paralysed by a gnoll
             ... on level 3 of the Dungeon.
             The game lasted 00:20:54 (3452 turns).

croobank the Magician (Octopode Monk)               Turns: 3452, Time: 00:20:54

Health: -1/46      AC:  3    Str: 10 (11) XL:     7   Next: 64%
Magic:  15/15      EV:  2    Int: 18      God:    Ignis [*****.]
Gold:   135        SH:  0    Dex: 14      Spells: 17/17 levels left

rFire   + . .      SeeInvis .   a - +0 hand axe (vorpal)
rCold   . . .      Faith    .   (no shield)
rNeg    . . .      Spirit   .   (helmet restricted)
rPois   .          Reflect  .   i - amulet of regeneration
rElec   .          Harm     .   h - +6 ring of intelligence
rCorr   .          Rampage  .   k - ring of flight
Will    .....                   (no ring)
Stlth   +++.......              (no ring)
HPRegen 0.95/turn               (no ring)
MPRegen 0.14/turn               (no ring)
                                (no ring)
                                (no ring)

@: paralysed, flying, studying Fighting
A: almost no armour, amphibious, 8 rings, camouflage 1, gelatinous body 1,
(nimble swimmer 1), tentacles, iridescent scales 1, deterioration 1, weak 1
a: Renounce Religion, Fiery Armour, Foxfire Swarm, Rising Flame


You were on level 3 of the Dungeon.
You worshipped Ignis.
Ignis was extremely pleased with you.
You visited 1 branch of the dungeon, and saw 5 of its levels.

You collected 135 gold pieces.

Inventory:

Hand Weapons
 a - a +0 vorpal hand axe (weapon)
 b - a +3 hunting sling of freezing
 c - a +0 short sword
 e - a +0 battleaxe
 f - a +0 glaive
 g - a +1 dagger of venom
 j - a +0 flail
 p - a +0 long sword
 s - a +0 war axe
Missiles
 l - 55 stones
 n - 53 arrows
 o - 22 sling bullets
 u - 5 boomerangs (quivered)
 v - 3 javelins
 x - 4 atropa-tipped darts
 D - 19 bolts
Jewellery
 h - a +6 ring of intelligence (left tentacle)
 i - an amulet of regeneration (around mantle)
 k - a ring of flight (right tentacle)
Wands
 w - a wand of acid (9)
 y - a wand of digging (12)
Scrolls
 m - 2 scrolls of enchant armour
 r - a scroll of holy word {unknown}
 B - a scroll of teleportation
Potions
 d - a potion of curing
 q - a potion of invisibility
 t - a potion of ambrosia
 z - a potion of berserk rage {unknown}
 C - a potion of flight {unknown}


   Skills:
 - Level 3.4 Fighting
 - Level 0.8 Short Blades
 + Level 4.6 Axes
 - Level 3.5 Dodging
 - Level 3.8 Stealth
 - Level 5.7 Spellcasting


You had 17 spell levels left.
You didn't know any spells.
Your spell library was empty.

Dungeon Overview and Level Annotations

Branches:
Dungeon (5/15)
 Temple: D:4-7

Altars:
Ignis

Annotations:
D:2 1 runed translucent door, Crazy Yiuf
D:3 1 transporter, scottley's ghost, amateur TrMo


Innate Abilities, Weirdness & Mutations

You cannot wear most types of armour.
You are amphibious.
You can wear up to eight rings at the same time.
Your skin changes colour to match your surroundings (Stealth+).
Your rubbery body absorbs attacks. (AC +1, EV +1)
((You are camouflaged near water. (Stealth+)))
You have tentacles for arms and can constrict up to eight enemies at once.
You are partially covered in iridescent scales. (AC +2)
Your body sometimes deteriorates upon taking damage.
You are weak. (Str -2)


Message History

Partly explored, unvisited transporter.
The gnoll shouts!
Scottley's ghost shouts, "You must not fail where I succeeded!"
There is a transporter here.
You enter the transporter and appear at another place.
The gnoll shouts!
The gnoll misses you.
You hit the gnoll but do no damage. You grab the gnoll. You hit the plant.
The plant begins to die.
You constrict the gnoll. The gnoll completely misses you.
You hit the gnoll but do no damage.
The gnoll is lightly wounded.
You hit the plant. You constrict the gnoll. The gnoll misses you.
You hit the gnoll.
The gnoll is moderately wounded.
You hit the plant but do no damage. You hit the gnoll but do no damage.
You constrict the gnoll. The gnoll misses you. The gnoll barely misses you.
You hit the gnoll but do no damage.
You squeeze the gnoll, but do no damage.
The gnoll is heavily wounded.
You hit the plant but do no damage. You barely miss the gnoll.
You constrict the gnoll.
A nearby plant withers and dies.
The gnoll closely misses you.
The gnoll zaps a wand.
You suddenly lose the ability to move!
You lose your grip on the gnoll.
The gnoll hits you with a +1 spear of chaos.
The gnoll draws strength from your wounds!
The gnoll zaps a wand.
You shrug off the repeated paralysis!
The gnoll hits you with a +1 spear of chaos.
You are electrocuted!!
Your body deteriorates!
You feel weakened. The gnoll hits you with a +0 flail!
* * * LOW HITPOINT WARNING * * *
The gnoll hits you with a +1 spear of chaos.
* * * LOW HITPOINT WARNING * * *
The gnoll draws strength from your wounds!
The gnoll hits you with a +0 flail.
* * * LOW HITPOINT WARNING * * *
The gnoll barely misses you. The gnoll hits you with a +0 flail.
You die...

..#.≈≈≈≈≈≈≈≈≈≈≈...≈≈≈≈≈≈≈≈≈≈≈.# #
....≈≈≈≈≈≈≈≈≈≈≈...≈≈≈≈≈≈≈≈≈≈≈.###
#...≈≈#####...........#####≈≈....
#.#.≈≈#.8.#.###.©.###.#.8.#≈≈.###
..#.≈≈#g..###g#####.###...#≈≈.#
#.#.≈≈###...............###≈≈.#
#...≈≈.8#.######'###'##.#8.≈≈.#
#...≈≈.##g#$.(#8g.#...#.##.≈≈.##
..#.≈≈.#..'$.:#g@.....'..#.≈≈..#
###.≈≈.##.#g."#8..#...#.##.≈≈..#
#.≈≈.8#.######'###'##.#8.≈≈..#
#.≈≈###............W..###≈≈..#
#.≈≈#.?.###©#####.###..W#≈≈..#
#.≈≈#.8.#.###.©.###.#.8g#≈≈..#
##)≈≈#####...........#####≈≈..##
#[)≈≈≈≈≈≈≈≈≈≈≈≈≈≈≈≈≈≈≈≈≈≈≈≈≈...#
##..≈≈≈≈≈≈≈≈≈≈≈≈≈≈≈≈≈≈≈≈≈≈≈≈≈...#


You could see 2 gnolls.

Vanquished Creatures
  An ogre (D:4)
  A scorpion (D:4)
  A wyvern skeleton (D:5)
  A bullfrog zombie (D:4)
  3 bullfrog skeletons
  An orc priest (D:3)
  A hound (D:4)
  Jessica (D:2)
  Terence (D:3)
  An orc wizard (D:3)
  6 adders
  8 gnolls (D:3)
  An ufetubus (D:4)
  2 dart slugs
  11 orcs
  3 bats
  9 endoplasms
  A giant cockroach (D:4)
  9 goblins
  10 hobgoblins
  4 quokkas
  10 ball pythons
  3 frilled lizards
  4 kobolds
  4 rats
97 creatures vanquished.

Vanquished Creatures (others)
  6 plants (D:3)
6 creatures vanquished.

Grand Total: 103 creatures vanquished

Notes
Turn   | Place    | Note
-------+----------+-------------------------------------------
     0 | D:1      | croobank the Octopode Monk began the quest for the Orb.
     0 | D:1      | Reached XP level 1. HP: 16/16 MP: 1/1
   196 | D:1      | Reached XP level 2. HP: 19/21 MP: 2/2
  1019 | D:2      | Reached XP level 3. HP: 23/26 MP: 3/3
  1213 | D:2      | Gained mutation: Your body sometimes deteriorates upon
                  | taking damage. [potion of mutation]
  1213 | D:2      | Gained mutation: You are weak. (Str -2) [potion of
                  | mutation]
  1213 | D:2      | Gained mutation: You are partially covered in iridescent
                  | scales. (AC +2) [potion of mutation]
  1234 | D:2      | Noticed Jessica
  1246 | D:2      | Killed Jessica
  1247 | D:2      | Reached XP level 4. HP: 20/31 MP: 4/4
  1403 | D:2      | Found a runed translucent door.
  1404 | D:2      | Noticed Crazy Yiuf
  1916 | D:3      | Reached skill level 1 in Spellcasting
  1946 | D:3      | Reached XP level 5. HP: 34/36 MP: 5/7
  1987 | D:3      | Identified the +8 halberd "Biepaq" {venom, rPois SInv}
  2001 | D:3      | Found a faded altar of an unknown god.
  2002 | D:3      | Found a transporter.
  2010 | D:3      | Reached skill level 2 in Spellcasting
  2013 | D:3      | Prayed at the altar of an unknown god.
  2013 | D:3      | Became a worshipper of Ignis, the Dying Flame
  2013 | D:3      | Reached ****** piety under Ignis
  2138 | D:3      | Found a transporter.
  2200 | D:3      | Noticed Terence
  2208 | D:3      | Killed Terence
  2223 | D:3      | Noticed scottley's ghost (amateur TrMo)
  2269 | D:3      | Reached skill level 3 in Spellcasting
  2282 | D:3      | Reached XP level 6. HP: 33/42 MP: 9/11
  2604 | D:4      | Reached skill level 4 in Spellcasting
  2632 | D:4      | Reached skill level 5 in Spellcasting
  2632 | D:4      | Reached XP level 7. HP: 46/46 MP: 14/14
  3261 | D:5      | Entered Level 5 of the Dungeon
  3448 | D:3      | Paralysed by a gnoll for 6 turns
  3452 | D:3      | Slain by a gnoll

Illustrated notes

Levels and vault maps discovered:
D:1:      dpeg_arrival_oval, layout_basic
D:2:      layout_loops_ring, uniq_jessica, uniq_crazy_yiuf_cottage
D:3:      layout_loops_ring, gammafunk_ghost_gnarly_gnolls,
          hellmonk_ecumenical_altar_run_dry, uniq_terence
D:4:      layout_cave_pools, minmay_crystal_water, roderic_roman_lattice,
          due_unseen_surprise
D:5:      layout_basic, uniq_pikel

Skill      XL: |  1  2  3  4  5  6  7 |
---------------+----------------------+-----
Stealth        | 3 |  3.8
Spellcasting   | 1 3 5 |  5.7
Axes           | 4 |  4.6
Fighting       | |  3.4
Short Blades   | |  0.8
Dodging        | |  3.5

Action                   |  1- 3 |  4- 6 |  7- 9 || total
-------------------------+-------+-------+-------++-------
Melee: Hand axe          |     9 |       |    33 ||    42
       Tentacles         |    12 |    22 |    11 ||    45
       Constrict         |    10 |    33 |    15 ||    58
       Dagger            |    40 |   103 |    35 ||   178
Throw: Boomerang         |       |       |     5 ||     5
Invok: Fiery Armour      |       |     2 |       ||     2
Evoke: Wand              |       |       |     1 ||     1
  Use: Scroll            |     1 |     1 |     5 ||     7
       Potion            |     1 |       |       ||     1
 Stab: Sleeping          |     8 |     3 |     2 ||    13
Armor: Skin              |       |    22 |     9 ||    31
Dodge: Dodged            |    22 |    70 |    63 ||   155

Table legend: (Time is in decaauts)
 A = Elapsed time spent in this place.
 B = Non-inter-level travel time spent in this place.
 C = Inter-level travel time spent in this place.
 D = Time resting spent in this place.
 E = Time spent auto-exploring this place.
 F = Levels seen in this place.
 G = Mean time per level.
                   A        B        C        D        E       F      G
               +--------+--------+--------+--------+--------+-----+--------+
         Total |   3456 |   3265 |    191 |      0 |   2244 |   5 |  691.2 |
       Dungeon |   3456 |   3265 |    191 |      0 |   2244 |   5 |  691.2 |
               +--------+--------+--------+--------+--------+-----+--------+

Top non-repeatable levels by time:
     D:2: 926 daAuts
     D:1: 913 daAuts
     D:3: 838 daAuts
     D:4: 725 daAuts
     D:5: 51 daAuts
